 Dungeon Crawl Stone Soup version 0.25-a0-577-ga4619f409e (webtiles) character file.

Game seed: 13682405762790083000, levelgen mode: deterministic

63067 Emblim88 the Blocker (level 15, -4/119 HPs)
             Began as a Gnoll Fighter on Mar 2, 2020.
             Was an Initiate of Gozag.
             Slain by a wolf spider simulacrum (30 damage)
             ... in an ice cave.
             The game lasted 01:35:08 (24033 turns).

Emblim88 the Blocker (Gnoll Fighter)               Turns: 24033, Time: 01:35:10

Health: -4/119     AC: 25    Str: 26    XL:     15   Next: 8%
Magic:  9/28       EV: 16    Int: 13    God:    Gozag
Gold:   5142       SH: 19    Dex: 15    Spells: 5/33 levels left

rFire    . . .     SeeInvis .   K - +2 long sword (holy)
rCold    . . .     Gourm    .   S - +0 kite shield {reflect}
rNeg     . . .     Faith    .   x - +6 scale mail {MR+}
rPois    .         Spirit   .   h - +0 helmet
rElec    .         Reflect  +   N - +2 cloak {+Inv}
rCorr    .         Harm     .   B - +0 pair of gloves
MR       +++..                  Y - +2 pair of boots
Stlth    +++.......             G - +6 amulet of reflection
HPRegen  0.00/turn              i - +4 ring of strength
MPRegen  0.21/turn              P - ring of protection from magic

@: infused, very slightly contaminated
A: distributed training, fangs 1, inhibited regeneration, strong nose
a: Potion Petition, Call Merchant, Bribe Branch, Renounce Religion, Evoke
Invisibility


You were in an ice cave.
You worshipped Gozag.
Gozag was greatly pleased with you.
You were not hungry.

You visited 4 branches of the dungeon, and saw 22 of its levels.
You also visited: Ice Cave.

You collected 5629 gold pieces.
You spent 434 gold pieces at shops.
You paid 53 gold pieces to Gozag.

Inventory:

Hand Weapons
 b - a +3 mace of venom
 K - a +2 long sword of holy wrath (weapon)
Missiles
 c - 3 boomerangs
 d - 62 poisoned darts
 q - 8 javelins (quivered)
 L - 6 curare-tipped darts
 W - 8 boomerangs of dispersal
Armour
 h - a +0 helmet (worn)
 x - a +6 scale mail of magic resistance (worn)
 B - a +0 pair of gloves (worn)
 N - a +2 cloak of invisibility (worn)
 S - a +0 kite shield of reflection (worn)
 Y - a +2 pair of boots (worn)
Jewellery
 i - a +4 ring of strength (left hand)
 l - an uncursed ring of see invisible
 r - an uncursed ring of protection from cold
 G - a +6 amulet of reflection (around neck)
 P - a ring of protection from magic (right hand)
 X - an uncursed ring of ice
Wands
 j - a wand of disintegration (16)
 p - a wand of paralysis (10)
 w - a wand of digging (4)
 z - a wand of iceblast (14)
 E - a wand of polymorph (27)
 M - a wand of enslavement (5)
 Z - a wand of clouds (3)
Scrolls
 a - 11 scrolls of teleportation
 k - 7 scrolls of remove curse
 s - 6 scrolls of amnesia
 u - a scroll of summoning
 C - 4 scrolls of immolation
 D - a scroll of vulnerability {unknown}
 F - 4 scrolls of fear
 H - 2 scrolls of magic mapping
 O - a scroll of fog
 T - 2 scrolls of enchant armour
Potions
 e - 2 potions of curing
 g - 2 potions of brilliance
 m - a potion of ambrosia
 n - 2 potions of heal wounds
 o - 5 potions of flight
 v - a potion of haste
 I - 4 potions of magic
 J - 2 potions of invisibility {unknown}
 Q - 2 potions of stabbing {unknown}
 R - a potion of might
Miscellaneous
 t - a phantom mirror
 y - a fan of gales
 A - a crystal ball of energy
 V - a phial of floods
Comestibles
 f - 15 rations


   Skills:
 + Level 11.4 Fighting
 + Level 9.6 Short Blades
 + Level 10.6 Long Blades
 + Level 9.6 Axes
 + Level 9.6 Maces & Flails
 + Level 9.6 Polearms
 + Level 9.6 Staves
 + Level 9.6 Slings
 + Level 9.6 Bows
 + Level 9.6 Crossbows
 + Level 9.6 Throwing
 + Level 11.4 Armour
 + Level 9.6 Dodging
 + Level 9.6 Stealth
 + Level 11.4 Shields
 + Level 9.6 Unarmed Combat
 + Level 9.6 Spellcasting
 + Level 8.0 Conjurations
 + Level 8.0 Hexes
 + Level 8.0 Charms
 + Level 8.0 Summonings
 + Level 8.0 Necromancy
 + Level 8.0 Translocations
 + Level 8.0 Transmutations
 + Level 8.0 Fire Magic
 + Level 8.0 Ice Magic
 + Level 8.0 Air Magic
 + Level 8.0 Earth Magic
 + Level 8.0 Poison Magic
 + Level 10.4 Invocations
 + Level 9.6 Evocations


You had 5 spell levels left.
You knew the following spells:

 Your Spells              Type           Power        Failure   Level  Hunger
a - Shroud of Golubria    Chrm/Tloc      ####..       1%          2    None
b - Infusion              Chrm           ####         1%          1    None
c - Song of Slaying       Chrm           ####....     1%          2    None
d - Ozocubu's Armour      Chrm/Ice       ####....     3%          3    ##.....
e - Silence               Hex/Air        ####......   34%         5    #####..
f - Spectral Weapon       Hex/Chrm       ####....     3%          3    ##.....
g - Inner Flame           Hex/Fire       ####....     3%          3    ##.....
h - Fireball              Conj/Fire      ####......   34%         5    #####..
i - Cause Fear            Hex            ####......   13%         4    ####...

Your spell library contained the following spells:

 Spells                   Type           Power        Failure   Level  Hunger
 Corona                   Hex            ####...      1%          1    None
 Foxfire                  Conj/Fire      ####         1%          1    None
 Magic Dart               Conj           ####         1%          1    None
 Ensorcelled Hibernation  Hex/Ice        ####..       1%          2    None
 Searing Ray              Conj           ####..       1%          2    None
 Confusing Touch          Hex            ####....     3%          3    ##.....
 Conjure Flame            Conj/Fire      ####....     3%          3    ##.....
 Dazzling Flash           Conj/Hex       ####..       3%          3    ##.....
 Tukima's Dance           Hex            ####....     3%          3    ##.....
 Fulminant Prism          Conj/Hex       ####......   13%         4    ####...
 Iskenderun's Mystic Bla  Conj/Tloc      ####....     13%         4    ####...
 Sticky Flame             Conj/Fire      ####....     13%         4    ####...
 Yara's Violent Unravell  Hex/Tmut       ####......   34%         5    #####..
 Darkness                 Hex            ####......   89%         6    #######
 Deflect Missiles         Chrm/Air       ####......   89%         6    #######
 Discord                  Hex            ####......   100%        8    #######


Dungeon Overview and Level Annotations

Branches:
Dungeon (13/15)            Temple (1/1) D:5            Lair (6/6) D:10
 Shoals (0/4) Lair:4       Spider (0/4) Lair:2        Slime (0/5) Lair:6
    Orc (2/2) D:9             Elf (0/3) Orc:2         IceCv (1/1)
 Vaults: D:13-14

Altars:
Ashenzari
Cheibriados
Dithmenos
Elyvilon
Fedhas
Gozag
Hepliaklqana
Kikubaaqudgha
Makhleb
Nemelex Xobeh
Okawaru
Qazlal
Ru
Sif Muna
Trog
Uskayaw
Vehumet
Wu Jian
Xom
Yredelemnul
Zin
The Shining One
Beogh
Jiyva

Shops:
D:7 [!   D:9 ([

Annotations:
D:13 Nessos


Innate Abilities, Weirdness & Mutations

Your experience applies equally to all skills.
You have very sharp teeth.
Your uncanny sense of smell can sniff out nearby items.
You do not regenerate when monsters are visible.


Message History

The wolf spider simulacrum closely misses you.
The wolf spider simulacrum barely misses you.
You block the wolf simulacrum's attack.
You block the wolf spider simulacrum's attack.
The wolf spider simulacrum barely misses you.
You hit the wolf simulacrum.
The wolf simulacrum convulses.
The wolf simulacrum is severely damaged.
You block the wolf simulacrum's attack.
The elephant simulacrum closely misses you.
You riposte.
You hit the elephant simulacrum.
The elephant simulacrum convulses.
The elephant simulacrum is moderately damaged.
The elephant simulacrum misses you.
The wolf simulacrum bites you but does no damage.
The wolf spider simulacrum hits you but does no damage.
The wolf spider simulacrum bites you!
* * * LOW HITPOINT WARNING * * *
The wolf spider simulacrum freezes you!!
You die...
Your body crumbles into a pile of gold.

#### ##
##..##
##..##....##
#.......Z..#
.......ZZ@.#
..##....Z..#
###....##
##..## ####


You could see a wolf simulacrum, a death yak simulacrum, an elephant simulacrum
and a wolf spider simulacrum.

Vanquished Creatures
  Frances (D:12)
  Kirke (D:12)
  An ice dragon (Lair:6)
  6 hydras
  Fannar (D:12)
  Harold (D:7)
  A centaur warrior (D:13)
  2 catoblepae
  3 two-headed ogres
  2 tengu warriors
  A deep troll shaman (Lair:6)
  12 death yaks
  Nergalle (Lair:3)
  An unseen horror (D:12)
  An orc knight (D:9)
  An orc sorcerer (Orc:1)
  A wolf spider (Lair:2)
  A manticore (Lair:4)
  Maurice (D:8)
  9 elephants (Lair:6)
  3 black mambas
  2 gargoyles
  A torpor snail (Lair:6)
  8 komodo dragons
  6 spiny frogs
  2 kobold demonologists (D:12)
  3 trolls
  A polar bear (Lair:6)
  A hornet (D:8)
  Grinder (D:3)
  15 blink frogs
  6 slime creatures
  10 hippogriffs
  2 shadows
  A wraith (D:11)
  48 yaks
  A vampire (D:12)
  A steam dragon (D:10)
  2 hogs (D:12)
  3 basilisks (Lair:4)
  3 wyverns
  A hungry ghost (D:11)
  A warg (D:9)
  7 water moccasins
  6 porcupines
  19 orc warriors
  3 sky beasts
  A necrophage (D:9)
  5 ice beasts
  A black bear (Lair:6)
  7 centaurs
  4 phantoms
  9 wolves
  12 ogres
  9 crocodiles
  4 big kobolds
  13 bullfrogs
  5 scorpions
  3 wyvern skeletons
  6 wights
  3 bullfrog zombies
  7 howler monkeys
  A lava snake (Lair:2)
  3 centaur zombies
  3 crimson imps
  A quasit (D:7)
  4 bullfrog skeletons
  6 hounds
  2 jellies
  13 orc priests
  18 orc wizards
  6 iguanas
  Ijyb (D:3)
  5 worker ants
  A hound zombie (D:5)
  4 hound skeletons
  2 worker ant zombies
  Robin (D:2)
  A howler monkey zombie (D:7)
  7 gnolls
  10 adders
  3 shadow imps
  3 white imps (Lair:6)
  An ooze (D:5)
  An adder skeleton (D:5)
  A worm (D:2)
  3 leopard geckos
  111 orcs
  3 giant cockroaches
  11 goblins
  8 hobgoblins
  7 jackals
  6 quokkas
  A ball python (D:2)
  7 bats
  2 frilled lizards
  15 kobolds
  2 rats
  A fungus (Lair:6)
569 creatures vanquished.

Vanquished Creatures (others)
  A cyclops (D:12)
  A hornet (D:13)
  A human (D:13)
  7 centaurs
  An orc (D:10)
  4 fungi
  4 plants
19 creatures vanquished.

Grand Total: 588 creatures vanquished

Notes
Turn   | Place    | Note
-------+----------+-------------------------------------------
     0 | D:1      | Emblim88 the Gnoll Fighter began the quest for the Orb.
     0 | D:1      | Reached XP level 1. HP: 23/23 MP: 1/1
    80 | D:1      | Reached XP level 2. HP: 28/29 MP: 2/2
   560 | D:2      | Reached XP level 3. HP: 34/35 MP: 3/3
   607 | D:3      | Noticed Grinder
   626 | D:4      | Reached skill level 1 in Short Blades
   626 | D:4      | Reached skill level 1 in Axes
   626 | D:4      | Reached skill level 1 in Maces & Flails
   626 | D:4      | Reached skill level 1 in Polearms
   626 | D:4      | Reached skill level 1 in Staves
   626 | D:4      | Reached skill level 1 in Slings
   626 | D:4      | Reached skill level 1 in Bows
   626 | D:4      | Reached skill level 1 in Crossbows
   626 | D:4      | Reached skill level 1 in Throwing
   626 | D:4      | Reached skill level 1 in Dodging
   626 | D:4      | Reached skill level 1 in Stealth
   626 | D:4      | Reached skill level 1 in Unarmed Combat
   626 | D:4      | Reached skill level 1 in Spellcasting
   626 | D:4      | Reached skill level 1 in Invocations
   626 | D:4      | Reached skill level 1 in Evocations
   626 | D:4      | Reached XP level 4. HP: 15/41 MP: 3/5
   856 | D:3      | Paralysed by Grinder for 2 turns
   868 | D:2      | Noticed Robin
   902 | D:2      | Reached skill level 1 in Conjurations
   902 | D:2      | Reached skill level 1 in Hexes
   902 | D:2      | Reached skill level 1 in Charms
   902 | D:2      | Reached skill level 1 in Summonings
   902 | D:2      | Reached skill level 1 in Necromancy
   902 | D:2      | Reached skill level 1 in Translocations
   902 | D:2      | Reached skill level 1 in Transmutations
   902 | D:2      | Reached skill level 1 in Fire Magic
   902 | D:2      | Reached skill level 1 in Ice Magic
   902 | D:2      | Reached skill level 1 in Air Magic
   902 | D:2      | Reached skill level 1 in Earth Magic
   902 | D:2      | Reached skill level 1 in Poison Magic
   950 | D:2      | Killed Robin
   963 | D:2      | Reached XP level 5. HP: 7/47 MP: 6/6
  1559 | D:3      | Paralysed by Grinder for 6 turns
  1565 | D:3      | Killed Grinder
  1565 | D:3      | Reached skill level 5 in Long Blades
  1565 | D:3      | Reached XP level 6. HP: 31/53 MP: 7/9
  1882 | D:3      | Noticed Ijyb
  1890 | D:3      | Killed Ijyb
  2278 | D:4      | Reached XP level 7. HP: 59/59 MP: 10/10
  3101 | D:5      | Entered Level 5 of the Dungeon
  3214 | D:5      | Reached XP level 8. HP: 42/67 MP: 12/12
  3697 | D:5      | Found a bloodstained altar of Trog.
  3697 | D:5      | Found a shimmering altar of Xom.
  3706 | D:5      | Found a faded altar of an unknown god.
  3709 | D:5      | Found a sacrificial altar of Ru.
  3725 | D:5      | Found a blossoming altar of Fedhas.
  3762 | D:5      | Found a staircase to the Ecumenical Temple.
  3771 | Temple   | Entered the Ecumenical Temple
  3998 | Temple   | Became a worshipper of Gozag Ym Sagoz the Greedy
  4070 | D:5      | Noticed a hippogriff
  4075 | D:5      | Killed a hippogriff
  4332 | D:6      | Reached XP level 9. HP: 67/72 MP: 12/14
  4735 | D:6      | Found an ornate altar of the Wu Jian Council.
  5322 | D:7      | Found Valuzi's Antique Armour Boutique.
  5322 | D:7      | Noticed Harold
  5348 | D:7      | Killed Harold
  5456 | D:7      | Bought a slimy leather armour for 196 gold pieces
  5499 | D:7      | Identified the cursed +0 leather armour "Ruid" {rPois} (You
                  | bought it in a shop on level 7 of the Dungeon)
  5701 | D:7      | Reached skill level 5 in Invocations
  5719 | D:7      | Bought a runed scale mail for 196 gold pieces
  6162 | D:7      | Found Lasiu's Distillery.
  6244 | D:7      | Bought a potion of curing for 42 gold pieces
  6481 | D:8      | Reached XP level 10. HP: 68/80 MP: 17/17
  6503 | D:8      | Noticed Maurice
  6514 | D:8      | Killed Maurice
  6598 | D:8      | Reached skill level 5 in Short Blades
  6598 | D:8      | Reached skill level 5 in Axes
  6598 | D:8      | Reached skill level 5 in Maces & Flails
  6598 | D:8      | Reached skill level 5 in Polearms
  6598 | D:8      | Reached skill level 5 in Staves
  6598 | D:8      | Reached skill level 5 in Slings
  6598 | D:8      | Reached skill level 5 in Bows
  6598 | D:8      | Reached skill level 5 in Crossbows
  6598 | D:8      | Reached skill level 5 in Throwing
  6598 | D:8      | Reached skill level 5 in Dodging
  6598 | D:8      | Reached skill level 5 in Stealth
  6598 | D:8      | Reached skill level 5 in Unarmed Combat
  6598 | D:8      | Reached skill level 5 in Spellcasting
  6598 | D:8      | Reached skill level 5 in Evocations
  7442 | D:9      | Found a staircase to the Orcish Mines.
  7528 | D:9      | Found Geddaiso's Weapon Emporium.
  7731 | D:9      | Found a burning altar of Makhleb.
  7773 | D:9      | Noticed a gargoyle
  7784 | D:9      | Killed a gargoyle
  7965 | D:9      | Found Tixeyv's Armour Emporium.
  8071 | D:10     | Entered Level 10 of the Dungeon
  8163 | D:10     | Noticed a death yak
  8164 | D:10     | Noticed a death yak
  8165 | D:10     | Noticed a death yak
  8165 | D:10     | Noticed a death yak
  8166 | D:10     | Noticed a death yak
  8167 | D:10     | Noticed a death yak
  8167 | D:10     | Noticed a death yak
  8168 | D:10     | Noticed a death yak
  8182 | D:10     | Killed a death yak
  8182 | D:10     | Reached XP level 11. HP: 51/87 MP: 16/19
  8211 | D:10     | Killed a death yak
  8221 | D:10     | Killed a death yak
  8221 | D:10     | Reached skill level 5 in Conjurations
  8221 | D:10     | Reached skill level 5 in Hexes
  8221 | D:10     | Reached skill level 5 in Charms
  8221 | D:10     | Reached skill level 5 in Summonings
  8221 | D:10     | Reached skill level 5 in Necromancy
  8221 | D:10     | Reached skill level 5 in Translocations
  8221 | D:10     | Reached skill level 5 in Transmutations
  8221 | D:10     | Reached skill level 5 in Fire Magic
  8221 | D:10     | Reached skill level 5 in Ice Magic
  8221 | D:10     | Reached skill level 5 in Air Magic
  8221 | D:10     | Reached skill level 5 in Earth Magic
  8221 | D:10     | Reached skill level 5 in Poison Magic
  8225 | D:10     | Killed a death yak
  8231 | D:10     | Killed a death yak
  8237 | D:10     | Killed a death yak
  8245 | D:10     | Killed a death yak
  8252 | D:10     | Killed a death yak
  8255 | D:10     | Gained mutation: You do not regenerate when monsters are
                  | visible. [mutagenic glow]
  8497 | D:10     | Found a staircase to the Lair.
  8803 | D:10     | Found a roughly hewn altar of Beogh.
  9225 | D:10     | Learned a level 2 spell: Shroud of Golubria
  9227 | D:10     | Learned a level 1 spell: Infusion
  9230 | D:10     | Learned a level 2 spell: Song of Slaying
  9234 | D:10     | Learned a level 3 spell: Ozocubu's Armour
  9475 | D:11     | Reached XP level 12. HP: 96/96 MP: 22/22
  9549 | D:11     | Found a shattered altar of Ashenzari.
  9665 | D:11     | Got an ominously black robe
  9975 | D:11     | Found a hide-covered altar of Uskayaw.
 10173 | D:11     | Identified a scroll of acquirement
 10174 | D:11     | Identified the Papyrus of the Creative Voyage (You acquired
                  | it on level 11 of the Dungeon)
 10174 | D:11     | Identified the amulet of Maymneocs {RegenMP Int+4} (You
                  | acquired it on level 11 of the Dungeon)
 10186 | D:11     | Identified the +1 robe "Qany" {rN++} (You found it on level
                  | 11 of the Dungeon)
 10221 | D:11     | Noticed a two-headed ogre
 10235 | D:11     | Killed a two-headed ogre
 10462 | D:12     | Noticed a two-headed ogre
 10491 | D:12     | Killed a two-headed ogre
 10722 | D:12     | Noticed Fannar
 10913 | D:12     | Noticed a two-headed ogre
 10918 | D:12     | Killed a two-headed ogre
 11440 | D:12     | Noticed Frances
 12114 | D:12     | Reached skill level 10 in Fighting
 12114 | D:12     | Reached skill level 10 in Armour
 12114 | D:12     | Reached skill level 10 in Shields
 12273 | D:12     | Killed Frances
 12862 | D:12     | Reached XP level 13. HP: 103/103 MP: 24/24
 12957 | D:12     | Killed Fannar
 13677 | D:13     | Noticed Kirke
 13934 | D:12     | Killed Kirke
 14046 | D:13     | Noticed Nessos
 14551 | Lair:1   | Entered Level 1 of the Lair of Beasts
 16108 | Lair:2   | Found a hole to the Spider Nest.
 16575 | Lair:3   | Noticed Nergalle
 16597 | Lair:3   | Killed Nergalle
 18379 | Lair:4   | Reached XP level 14. HP: 53/111 MP: 26/26
 18603 | Lair:4   | Found a staircase to the Shoals.
 19397 | Lair:4   | Reached skill level 10 in Long Blades
 19651 | Lair:4   | Learned a level 5 spell: Silence
 19655 | Lair:4   | Learned a level 3 spell: Spectral Weapon
 19659 | Lair:4   | Learned a level 3 spell: Inner Flame
 20834 | Lair:6   | Entered Level 6 of the Lair of Beasts
 21446 | Lair:6   | Found a viscous altar of Jiyva.
 21447 | Lair:6   | Found a staircase to the Slime Pits.
 21497 | Lair:6   | Reached skill level 10 in Invocations
 21992 | Lair:6   | Learned a level 5 spell: Fireball
 21997 | Lair:6   | Learned a level 4 spell: Cause Fear
 22828 | Lair:6   | Identified the Papyrus of Bewitchment
 23286 | Orc:1    | Entered Level 1 of the Orcish Mines
 23312 | Orc:1    | Reached XP level 15. HP: 100/119 MP: 28/28
 23907 | Orc:2    | Entered Level 2 of the Orcish Mines
 24018 | Orc:2    | Found a frozen archway.
 24025 | IceCv    | Entered an ice cave
 24033 | IceCv    | Slain by a wolf spider simulacrum

Levels and vault maps discovered:
D:1:      zaba_arrival_water, layout_rooms
D:2:      layout_basic, uniq_robin
D:3:      layout_loops_ring, first_ration, uniq_ijyb, uniq_grinder
D:4:      layout_cave_pools
D:5:      layout_basic, chequers_temple_overflow_minitemple,
          minmay_temple_entry_waves, kennysheep_generic_room_14
D:6:      layout_basic, basic_altar
D:7:      layout_layer_cave, serial_shops, nicolae_shop_window_shopping, shop,
          uniq_harold
D:8:      layout_basic, uniq_maurice
D:9:      layout_basic, orc_david_3, basic_altar, serial_shops, shop
D:10:     layout_roguey [special_room_orc], dpeg_lair_monsters, wad_dig_loot
D:11:     layout_roguey, basic_altar, grunt_ogre_cave,
          nicolae_ashenzari_panopticon
D:12:     layout_long_grid, uniq_frances, uniq_fannar
D:13:     layout_big_octagon, grunt_vaults_entry_tiered,
          nicolae_ru_the_path_less_chosen, uniq_urug, uniq_kirke, uniq_snorg,
          uniq_nessos
Temple:   hc_temple_tempest_star
Lair:1:   layout_gridlike, infiniplex_staircase_pool
Lair:2:   layout_gridlike, spider_nest_entry_rubble, minivault_25
Lair:3:   layout_small_grid, uniq_nergalle
Lair:4:   layout_hall_layers, minmay_shoals_entry_beasts
Lair:5:   layout_cave_pods
Lair:6:   grunt_lair_end_beastmaster, layout_misc_corridors,
          dpeg_slime_entry_enclosed_altar, bobbens_ice_dragon_lair
Orc:1:    layout_caves, hangedman_minor_magic
Orc:2:    st_orc_mages, layout_caves, basic_altar,
          portal_ice_cave_entry_ice_beasts
IceCv:    ice_cave_small_necro

Skill      XL: |  1  2  3  4  5  6  7  8  9 10 11 12 13 14 |
---------------+-------------------------------------------+-----
Short Blades   | 1 2 3 4 5 6 7 8 9 |  9.6
Axes           | 1 2 3 4 5 6 7 8 9 |  9.6
Maces & Flails | 1 2 3 4 5 6 7 8 9 |  9.6
Polearms       | 1 2 3 4 5 6 7 8 9 |  9.6
Staves         | 1 2 3 4 5 6 7 8 9 |  9.6
Slings         | 1 2 3 4 5 6 7 8 9 |  9.6
Bows           | 1 2 3 4 5 6 7 8 9 |  9.6
Crossbows      | 1 2 3 4 5 6 7 8 9 |  9.6
Throwing       | 1 2 3 4 5 6 7 8 9 |  9.6
Dodging        | 1 2 3 4 5 6 7 8 9 |  9.6
Stealth        | 1 2 3 4 5 6 7 8 9 |  9.6
Unarmed Combat | 1 2 3 4 5 6 7 8 9 |  9.6
Spellcasting   | 1 2 3 4 5 6 7 8 9 |  9.6
Invocations    | 1 2 3 4 5 6 7 8 9 10 | 10.4
Evocations     | 1 2 3 4 5 6 7 8 9 |  9.6
Conjurations   | 1 2 3 4 5 6 7 8 |  8.0
Hexes          | 1 2 3 4 5 6 7 8 |  8.0
Charms         | 1 2 3 4 5 6 7 8 |  8.0
Summonings     | 1 2 3 4 5 6 7 8 |  8.0
Necromancy     | 1 2 3 4 5 6 7 8 |  8.0
Translocations | 1 2 3 4 5 6 7 8 |  8.0
Transmutations | 1 2 3 4 5 6 7 8 |  8.0
Fire Magic     | 1 2 3 4 5 6 7 8 |  8.0
Ice Magic      | 1 2 3 4 5 6 7 8 |  8.0
Air Magic      | 1 2 3 4 5 6 7 8 |  8.0
Earth Magic    | 1 2 3 4 5 6 7 8 |  8.0
Poison Magic   | 1 2 3 4 5 6 7 8 |  8.0
Long Blades    | 5 6 7 8 9 10 | 10.6
Fighting       | 7 8 9 10 11 | 11.4
Armour         | 7 8 9 10 11 | 11.4
Shields        | 7 8 9 10 11 | 11.4

Action                   |  1- 3 |  4- 6 |  7- 9 | 10-12 | 13-15 || total
-------------------------+-------+-------+-------+-------+-------++-------
Melee: Mace              |    62 |   140 |   222 |   579 |   743 ||  1746
       Bite              |     6 |    19 |    50 |   115 |   220 ||   410
       Unarmed           |    11 |    14 |       |       |     5 ||    30
       Short sword       |       |    27 |    50 |    13 |       ||    90
       Hand axe          |       |       |    74 |    12 |       ||    86
       Long sword        |       |       |    60 |    37 |   326 ||   423
       War axe           |       |       |     5 |       |       ||     5
       Trident           |       |       |       |       |   105 ||   105
Throw: Stone             |       |     1 |       |       |       ||     1
       Javelin           |       |       |     4 |    54 |    73 ||   131
       Dart              |       |       |     4 |    11 |    52 ||    67
 Cast: Shroud of Golubri |       |       |       |     5 |    30 ||    35
       Infusion          |       |       |       |     2 |    19 ||    21
       Song of Slaying   |       |       |       |     1 |     3 ||     4
 Abil: Evoke Invisibilit |       |       |       |     5 |     7 ||    12
       Evoke Flight      |       |       |       |       |     1 ||     1
Evoke: Wand              |       |     3 |       |     8 |    11 ||    22
  Use: Potion            |     2 |     4 |       |     4 |     3 ||    13
       Scroll            |       |     3 |    10 |     9 |    10 ||    32
 Stab: Sleeping          |     1 |     2 |     4 |     3 |     8 ||    18
       Paralysed         |       |     7 |       |     7 |     3 ||    17
       Distracted        |       |       |     1 |     7 |     3 ||    11
       Invisible         |       |       |       |     9 |    17 ||    26
       Petrified         |       |       |       |       |     5 ||     5
  Eat: Chunk             |       |     4 |     7 |       |       ||    11
       Ration            |       |       |     2 |     7 |    12 ||    21
Armor: Scale mail        |    31 |    95 |    22 |   126 |   373 ||   647
       Skin              |       |    11 |       |       |       ||    11
       Ring mail         |       |     4 |   103 |       |       ||   107
Dodge: Dodged            |    36 |    82 |   127 |   162 |   510 ||   917
Block: Kite shield       |    37 |   127 |   247 |   519 |  1272 ||  2202
       Reflection        |       |       |     1 |    41 |    29 ||    71
       Other             |       |       |       |       |     2 ||     2
       Rpst.: Long sword |       |       |     2 |     2 |    60 ||    64

Table legend:
 A = Non-vault XP
 B = Vault XP
 C = Vault XP percentage of total XP
 D = Non-vault monster count
 E = Vault monster count
 F = Vault count percentage of total count
                 A         B        C        D         E       F
            +---------+---------+-------+---------+---------+-------
      Total |   61450 |   28646 |  31.8 |     488 |      90 |  15.6
            +---------+---------+-------+---------+---------+-------
        D:1 |      23 |       0 |   0.0 |      13 |       0 |   0.0
        D:2 |      65 |      36 |  35.6 |      16 |      11 |  40.7
        D:3 |      75 |     323 |  81.2 |      24 |       2 |   7.7
        D:4 |     512 |       0 |   0.0 |      23 |       0 |   0.0
        D:5 |    1018 |       5 |   0.5 |      34 |       1 |   2.9
        D:6 |     990 |       0 |   0.0 |      32 |       0 |   0.0
        D:7 |     573 |     976 |  63.0 |      16 |       1 |   5.9
        D:8 |    1422 |     480 |  25.2 |      25 |       1 |   3.8
        D:9 |    2545 |     521 |  17.0 |      25 |       6 |  19.4
       D:10 |    2463 |    7735 |  75.8 |      28 |      36 |  56.2
       D:11 |    3127 |     888 |  22.1 |      27 |       1 |   3.6
       D:12 |    9703 |    5635 |  36.7 |      54 |       5 |   8.5
       D:13 |    2907 |       0 |   0.0 |      10 |       0 |   0.0
     Lair:1 |    1431 |       0 |   0.0 |       5 |       0 |   0.0
     Lair:2 |    3805 |     565 |  12.9 |      14 |       1 |   6.7
     Lair:3 |    5121 |     789 |  13.4 |      23 |       1 |   4.2
     Lair:4 |    7705 |     791 |   9.3 |      31 |       2 |   6.1
     Lair:5 |    3345 |       0 |   0.0 |      13 |       0 |   0.0
     Lair:6 |   11966 |    9769 |  44.9 |      39 |      21 |  35.0
      Orc:1 |    1786 |       0 |   0.0 |      19 |       0 |   0.0
      Orc:2 |     868 |     133 |  13.3 |      17 |       1 |   5.6
            +---------+---------+-------+---------+---------+-------
